Map: Jagannatha LE

Players

AGOElazer (Elazer)

  • Race: Zerg Zerg
  • League: Grandmaster

Reynor - Winner!

  • Race: Zerg Zerg
  • League: Master

Event: DreamHack SC2 Masters 2021 Summer

VOD

Have the link to the VOD?

Description

Time

  • Played on: June 1, 2021, 10:08 a.m.
  • Length: 23:17

All games in this series

Show
View Real Time Build Order
Export as new Build Order

AGOElazer Zerg 

Build Orders: Hatch First, Muta Ling Bane 

Get SALT Encoding   

  12  0:00  Drone  
  13  0:12  Overlord  
  13  0:16  Drone  
  14  0:30  Drone x2  
  16  0:47  Hatchery  
  15  0:51  Drone  
  15  0:54  Drone  
  17  0:57  Drone  
  18  1:08  Extractor  
  17  1:13  Spawning Pool  
  17  1:16  Drone  
  17  1:20  Drone  
  18  1:28  Drone  
  19  1:38  Drone  
  20  1:49  Drone  
  21  2:00  Queen x2, Zergling x2  
  26  2:01  Overlord  
  26  2:08  Metabolic Boost  
  26  2:10  Drone  
  26  2:12  Drone  
  28  2:22  Drone, Zergling x2  
  30  2:33  Hatchery  
  30  2:36  Drone  
  30  2:39  Drone  
  31  2:44  Baneling Nest  
  31  2:46  Drone  
  31  2:51  Overlord  
  31  2:56  Drone x2  
  33  3:04  Drone  
  33  3:10  Zergling x2  
  33  3:11  Zergling x8  
  38  3:13  Zergling x2  
  38  3:15  Zergling x2  
  40  3:27  Zergling x2, Overlord  
  40  3:32  Baneling  
  43  3:34  Drone x2  
  43  3:39  Evolution Chamber  
  42  3:49  Drone x9  
  42  3:54  Queen  
  53  4:00  Baneling  
  53  4:02  Overlord  
  53  4:03  Drone x2  
  53  4:06  Drone  
  56  4:11  Drone  
  56  4:12  Drone  
  58  4:20  Extractor  
  58  4:21  Extractor  
  58  4:23  Lair  
  58  4:24  Drone x5  
  61  4:26  Drone x2  
  61  4:31  Overlord  
  62  4:33  Drone x2  
  62  4:36  Drone x2  
  66  4:42  Evolution Chamber  
  66  4:43  Overlord  
  65  4:47  Overlord  
  65  4:51  Zerg Melee Weapons Level 1  
  65  4:53  Extractor, Drone  
  65  4:54  Extractor, Drone x3  
  65  4:55  Extractor  
  65  4:57  Drone x3  
  69  5:01  Overlord  
  69  5:04  Zergling x6  
  69  5:05  Zergling x2  
  73  5:13  Zergling x4  
  75  5:16  Overlord  
  75  5:20  Overlord  
  74  5:23  Drone  
  74  5:24  Drone, Spire  
  74  5:25  Zergling x8  
  79  5:35  Drone x3  
  82  5:36  Overlord  
  82  5:40  Zergling x10  
  82  5:41  Baneling x2  
  82  5:50  Zergling x6  
  80  5:59  Zergling x14  
  80  6:02  Zergling x2  
  85  6:07  Baneling  
  85  6:08  Zergling x2  
  78  6:35  Mutalisk x11  
  78  6:37  Zerg Flyer Weapons Level 1  
  100  6:40  Hatchery  
  100  6:43  Drone x3  
  100  6:44  Drone x3  
  100  6:46  Zerg Melee Weapons Level 2  
  105  6:49  Drone  
  105  6:51  Mutalisk  
  108  6:55  Overlord  
  108  6:57  Mutalisk  
  110  7:02  Drone x4  
  110  7:03  Drone x2  
  116  7:08  Overlord  
  116  7:09  Overlord  
  116  7:13  Overseer  
  116  7:14  Mutalisk  
  116  7:15  Mutalisk  
  120  7:17  Overlord  
  120  7:25  Drone x2  
  120  7:27  Drone  
  120  7:28  Drone x8, Extractor  
  120  7:29  Extractor  
  129  7:30  Drone  
  130  7:37  Centrifical Hooks  
  130  7:39  Mutalisk x2  
  134  7:48  Mutalisk x2  
  134  7:49  Overlord  
  136  7:57  Mutalisk  
  138  7:59  Zergling x10  
  138  8:04  Overlord  
  143  8:06  Hatchery  
  143  8:08  Baneling x12  
  143  8:10  Zergling x2  
  143  8:11  Zergling x12  
  149  8:15  Baneling x6  
  149  8:23  Baneling x5  
  149  8:25  Zergling x20  
  153  8:34  Baneling  
  153  8:35  Baneling x9  
  153  8:37  Zergling x18  
  162  8:46  Baneling x11  
  156  8:53  Baneling x6  
  156  8:55  Zergling x12  
  153  9:06  Zergling x2  
  153  9:07  Zergling x6  
  151  9:13  Mutalisk x4  
  155  9:18  Baneling  
  155  9:19  Baneling x4  
  155  9:20  Zergling x12  
  161  9:28  Zerg Flyer Weapons Level 2  
  161  9:34  Zergling x14  
  161  9:37  Extractor  
  161  9:38  Extractor  
  158  9:47  Hatchery  
  158  9:49  Mutalisk x5  
  166  9:58  Baneling x6  
  166  10:01  Drone x3  
  166  10:03  Drone x4  
  166  10:04  Overlord  
  166  10:05  Overlord x2  
  166  10:06  Baneling x7  
  155  10:31  Baneling x25  
  155  10:36  Drone x3  
  155  10:37  Drone x6, Infestation Pit  
  155  10:39  Drone x2  
  165  10:44  Overseer  
  165  10:46  Zerg Ground Armor Level 1  
  154  10:50  Extractor  
  154  10:52  Extractor  
  154  10:54  Baneling  
  154  10:55  Baneling x12  
  146  10:57  Zergling x22  
  146  11:03  Hatchery  
  156  11:16  Overseer  
  137  11:24  Zergling x2, Hive  
  137  11:25  Zergling x28  
  134  11:31  Zergling x12  
  140  11:35  Spine Crawler  
  140  11:36  Spine Crawler  
  140  11:37  Spine Crawler  
  140  11:38  Spine Crawler x2  
  133  11:41  Drone x3  
  133  11:42  Spine Crawler  
  133  11:44  Drone x8  
  137  11:48  Spore Crawler  
  137  11:51  Spore Crawler  
  135  11:55  Drone  
  135  11:59  Zergling x12  
  135  12:00  Pneumatized Carapace, Overseer  
  142  12:03  Drone x6  
  142  12:04  Drone x4  
  142  12:05  Spine Crawler  
  142  12:07  Spine Crawler  
  142  12:09  Baneling x10  
  142  12:10  Baneling  
  142  12:12  Baneling x4  
  139  12:32  Evolution Chamber  
  132  12:42  Adrenal Glands  
  132  12:43  Ultralisk Cavern  
  130  12:47  Zergling x16  
  138  12:52  Zerg Ground Armor Level 2  
  138  13:00  Zerg Melee Weapons Level 3  
  138  13:01  Zerg Flyer Armor Level 1  
  136  13:08  Baneling x4  
  136  13:09  Baneling x19  
  134  13:13  Hatchery  
  134  13:15  Zergling x14  
  140  13:21  Viper  
  140  13:22  Viper x4  
  155  13:28  Baneling x5  
  155  13:33  Chitinous Plating  
  150  13:34  Ultralisk x4  
  168  13:42  Drone, Spine Crawler x4  
  168  13:44  Spore Crawler  
  168  13:45  Ultralisk  
  167  13:58  Ultralisk x2  
  179  14:03  Spire  
  179  14:07  Ultralisk  
  184  14:13  Ultralisk  
  190  14:22  Ultralisk  
  196  14:33  Overseer  
  196  14:34  Overseer x2  
  194  14:52  Anabolic Synthesis  
  186  14:58  Greater Spire  
  176  15:17  Zerg Flyer Armor Level 2  
  176  15:19  Zerg Ground Armor Level 3  
  176  15:31  Zergling x20  
  176  15:32  Extractor, Zergling x2  
  176  15:33  Zergling x6  
  176  15:34  Extractor  
  176  15:35  Overseer  
  188  15:38  Hatchery  
  188  15:40  Hatchery  
  186  15:45  Overseer  
  180  15:56  Ultralisk x4  
  186  16:06  Ultralisk  
  186  16:07  Ultralisk  
  174  16:16  Ultralisk x2  
  174  16:18  Zerg Flyer Weapons Level 3  
  174  16:19  Drone x3  
  178  16:32  Overlord x2  
  178  16:35  Overseer  
  178  16:36  Overlord x4  
  178  16:38  Overseer  
  178  16:39  Overseer  
  178  16:41  Overseer  
  178  16:45  Corruptor x4  
  185  17:06  Corruptor x7  
  199  17:14  Overseer  
  199  17:34  Overseer x7  
  187  17:38  Corruptor x6  
  187  17:47  Brood Lord x11  
  187  17:49  Viper x2  
  181  18:16  Queen  
  175  18:22  Hatchery  
  169  18:33  Brood Lord x4  
  177  18:35  Overlord x4  
  169  19:00  Zergling x18  
  169  19:02  Brood Lord  
  178  19:12  Ultralisk x3  
  178  19:14  Zergling x4  
  198  19:22  Overseer x3  
  198  19:31  Baneling x9  
  189  19:54  Viper x4  
  189  19:55  Viper  
  193  20:02  Corruptor x5  
  179  20:17  Ultralisk x3  
  177  20:34  Corruptor x9  
  190  20:46  Brood Lord  
  189  20:54  Brood Lord  
  191  20:58  Zergling x8  
  191  20:59  Zergling x8  
  191  21:04  Brood Lord  
  189  21:25  Brood Lord x4  
  195  21:33  Overseer  
  195  21:37  Brood Lord  
  195  21:43  Baneling x8  
  195  21:44  Baneling  
  195  21:51  Hatchery  
  182  21:57  Ultralisk  
  182  21:58  Zergling x22  
  167  22:09  Zergling x10  
  167  22:10  Zergling x10  
  167  22:11  Zergling x12, Ultralisk  
  189  22:21  Overlord x3  
  187  22:30  Hatchery  
  187  22:35  Overseer x3  
Show
View Real Time Build Order
Export as new Build Order

Reynor Zerg - Winner!

Build Orders: Hatch First, Lurkers 

Get SALT Encoding   

  12  0:00  Drone  
  13  0:11  Overlord  
  13  0:17  Drone  
  14  0:30  Drone x2  
  16  0:48  Hatchery  
  15  0:51  Drone  
  15  0:55  Drone  
  17  0:58  Drone  
  18  1:09  Extractor  
  17  1:13  Spawning Pool  
  17  1:16  Drone  
  17  1:20  Drone  
  18  1:27  Drone  
  19  1:38  Drone  
  20  1:48  Drone  
  21  2:00  Queen x2, Overlord  
  21  2:01  Zergling x2  
  26  2:09  Metabolic Boost  
  26  2:10  Drone  
  26  2:12  Drone  
  28  2:20  Drone  
  28  2:21  Drone  
  30  2:33  Zergling x2  
  30  2:36  Hatchery  
  30  2:39  Drone  
  30  2:42  Drone  
  32  2:47  Baneling Nest  
  32  2:49  Drone  
  32  2:53  Overlord  
  32  2:56  Drone  
  33  3:05  Drone x2  
  33  3:08  Zergling x4  
  35  3:13  Zergling x6  
  35  3:14  Zergling x2  
  35  3:18  Overlord  
  39  3:24  Zergling x2  
  41  3:27  Drone  
  41  3:30  Evolution Chamber  
  41  3:31  Queen  
  41  3:32  Baneling  
  42  3:35  Drone  
  42  3:37  Baneling x2  
  43  3:42  Overlord  
  43  3:43  Drone  
  43  3:45  Drone  
  43  3:46  Drone  
  46  3:49  Drone  
  47  3:56  Zerg Missile Weapons Level 1, Overlord  
  47  3:59  Drone  
  48  4:06  Roach Warren  
  48  4:07  Drone  
  48  4:09  Drone  
  50  4:10  Drone  
  50  4:11  Drone  
  50  4:15  Drone x2  
  52  4:18  Drone x2  
  52  4:20  Drone  
  52  4:22  Drone  
  52  4:23  Drone  
  57  4:25  Drone  
  57  4:30  Extractor  
  57  4:31  Extractor  
  55  4:32  Drone x3  
  55  4:36  Lair  
  58  4:40  Drone  
  58  4:41  Drone  
  58  4:45  Drone  
  61  4:47  Overlord  
  61  4:49  Drone x2  
  61  4:50  Drone x3  
  65  5:03  Drone  
  65  5:06  Overlord  
  66  5:09  Drone x2  
  66  5:10  Drone  
  66  5:11  Drone  
  66  5:13  Overlord  
  70  5:16  Drone x2  
  70  5:18  Extractor  
  70  5:21  Zergling x16  
  75  5:23  Drone x2, Queen  
  75  5:25  Extractor, Drone  
  75  5:26  Extractor  
  75  5:28  Queen  
  80  5:31  Overlord  
  80  5:34  Zergling x4  
  80  5:44  Zergling x4  
  80  5:45  Zergling x2  
  82  5:50  Zergling x6  
  82  5:54  Overlord  
  81  5:57  Drone x4  
  81  5:58  Drone  
  81  6:01  Queen x2  
  85  6:06  Queen  
  85  6:08  Drone x2  
  89  6:12  Baneling x2  
  89  6:13  Roach x2  
  89  6:14  Roach x2  
  97  6:21  Zergling x4, Roach  
  97  6:30  Drone  
  97  6:31  Drone x2, Spore Crawler  
  95  6:34  Spore Crawler, Infestation Pit  
  95  6:36  Queen x2  
  95  6:37  Drone x2  
  95  6:39  Drone, Spore Crawler  
  99  6:40  Drone  
  99  6:43  Spore Crawler x2  
  99  6:44  Spore Crawler  
  99  6:45  Baneling x3  
  99  6:46  Baneling  
  97  6:48  Drone x2  
  97  6:50  Queen  
  101  6:54  Zerg Missile Weapons Level 2  
  101  6:55  Overseer  
  101  6:59  Drone  
  101  7:00  Spore Crawler  
  101  7:07  Drone x2  
  101  7:08  Spore Crawler  
  102  7:10  Spore Crawler  
  102  7:12  Overlord  
  101  7:16  Drone, Hydralisk Den  
  101  7:17  Glial Reconstitution  
  101  7:20  Overlord  
  105  7:23  Roach x2  
  105  7:25  Overlord x2  
  105  7:28  Hive  
  105  7:33  Spore Crawler  
  105  7:36  Overlord  
  104  7:41  Overlord  
  104  7:44  Spore Crawler  
  103  7:46  Overlord  
  103  7:53  Drone x3  
  103  7:55  Drone, Lurker Den, Spore Crawler  
  103  7:58  Spore Crawler, Roach x4  
  113  8:00  Queen  
  114  8:12  Drone  
  115  8:23  Drone x2  
  115  8:24  Overlord  
  114  8:34  Hydralisk x2  
  114  8:35  Hydralisk x3  
  114  8:37  Hatchery  
  123  8:42  Evolution Chamber  
  123  8:47  Drone x3, Hydralisk  
  127  8:48  Viper x2  
  127  8:49  Spore Crawler, Viper x2  
  127  8:51  Drone  
  127  8:54  Spore Crawler  
  138  8:56  Spore Crawler  
  138  8:59  Spore Crawler  
  133  9:03  Hydralisk x4  
  133  9:08  Drone x2  
  134  9:10  Drone x4  
  134  9:16  Hydralisk  
  134  9:17  Hydralisk x2  
  131  9:21  Lurker x4  
  141  9:27  Queen  
  141  9:28  Lurker x2  
  144  9:32  Hydralisk x2  
  147  9:41  Drone x4  
  147  9:42  Drone x3  
  147  9:43  Drone x3  
  144  9:57  Lurker x3  
  145  10:02  Drone x3, Lurker x2  
  145  10:03  Drone x3  
  147  10:25  Drone  
  147  10:26  Drone  
  149  10:29  Hydralisk x3  
  149  10:30  Spore Crawler  
  149  10:32  Overlord  
  149  10:33  Zerg Missile Weapons Level 3  
  154  10:38  Hatchery  
  154  10:42  Overlord  
  153  10:44  Lurker  
  153  10:47  Extractor  
  153  10:48  Overlord  
  153  10:54  Lurker x3  
  153  10:56  Drone  
  157  10:58  Hydralisk x2  
  157  11:02  Overlord  
  158  11:14  Hydralisk x4  
  158  11:15  Hydralisk  
  169  11:18  Hatchery  
  168  11:32  Hydralisk x4  
  168  11:39  Drone x6  
  182  11:41  Extractor x2, Overlord  
  182  11:44  Seismic Spines  
  180  11:48  Hydralisk  
  180  11:49  Hydralisk  
  180  11:52  Pneumatized Carapace  
  184  11:54  Overseer  
  184  11:57  Overlord  
  174  12:14  Drone x5, Hydralisk Den  
  170  12:20  Viper x2  
  170  12:22  Drone x2  
  178  12:23  Drone  
  178  12:28  Spore Crawler  
  178  12:29  Spore Crawler  
  168  12:37  Drone x6  
  168  12:42  Viper x2  
  168  12:44  Hatchery, Queen  
  170  12:48  Drone x3  
  170  12:49  Lurker  
  176  12:53  Muscular Augments  
  176  12:56  Hydralisk  
  177  13:02  Hydralisk x2  
  180  13:06  Drone x2  
  180  13:10  Spore Crawler x3, Overlord  
  180  13:12  Zerg Ground Armor Level 1  
  179  13:14  Hydralisk  
  181  13:20  Overlord  
  181  13:32  Lurker x2  
  181  13:39  Spore Crawler x2  
  179  13:42  Lurker x2  
  181  13:54  Lurker x2  
  183  14:05  Drone x3  
  185  14:15  Lurker x3  
  185  14:16  Drone x6  
  185  14:17  Spore Crawler x2  
  193  14:21  Drone x8  
  200  14:29  Hatchery  
  200  14:31  Spore Crawler  
  198  14:42  Lurker x2  
  198  14:43  Spore Crawler x2  
  198  14:45  Spore Crawler  
  197  14:47  Spore Crawler x2  
  195  14:55  Adaptive Talons  
  196  15:03  Lurker x4  
  200  15:08  Evolution Chamber  
  200  15:10  Spore Crawler  
  200  15:12  Spore Crawler  
  197  15:15  Hatchery  
  197  15:17  Hydralisk x2  
  197  15:19  Zerg Ground Armor Level 2  
  197  15:20  Spore Crawler  
  199  15:37  Spore Crawler  
  185  15:51  Hydralisk x10  
  188  16:08  Hydralisk  
  188  16:09  Hydralisk x12  
  193  16:21  Hydralisk  
  193  16:22  Hydralisk x2  
  199  16:41  Hatchery, Lurker  
  199  16:42  Lurker  
  200  16:57  Spore Crawler x2  
  200  16:59  Spore Crawler  
  194  17:01  Spore Crawler  
  193  17:09  Spore Crawler  
  193  17:12  Spore Crawler  
  193  17:13  Spore Crawler  
  190  17:17  Lurker x3  
  190  17:20  Hydralisk x3  
  186  17:42  Hydralisk x7  
  197  17:45  Hydralisk  
  199  17:55  Drone  
  194  18:15  Viper x4  
  188  18:20  Viper x3  
  179  18:29  Drone x8  
  179  18:31  Extractor x2  
  185  18:39  Hydralisk x9  
  194  18:48  Queen  
  194  18:52  Hydralisk x2  
  197  18:57  Lurker x2  
  193  19:04  Hydralisk x3  
  199  19:10  Extractor, Drone x2  
  200  19:19  Grooved Spines  
  200  19:41  Hatchery  
  177  20:07  Hydralisk x11  
  165  20:28  Hydralisk  
  165  20:29  Hydralisk x3  
  177  20:40  Hatchery  
  177  20:41  Lurker  
  177  20:42  Hydralisk x2, Lurker x2  
  182  20:49  Lurker  
  181  20:50  Lurker x3  
  181  21:05  Roach Warren  
  181  21:07  Lurker x3  
  183  21:17  Hydralisk x3  
  185  21:22  Spore Crawler  
  185  21:23  Spore Crawler  
  183  21:32  Lurker  
  184  21:33  Evolution Chamber  
  184  21:34  Hydralisk x4, Evolution Chamber x2  
  190  21:41  Extractor  
  185  21:53  Hydralisk x5  
  193  22:00  Drone x2, Queen  
  182  22:04  Roach x7  
  187  22:13  Roach  
  187  22:14  Roach x3  
  195  22:24  Roach x2  
  199  22:31  Hatchery  
  190  22:37  Roach x3  
  190  22:38  Roach  
Tags
 
Add a new tag
Caveats
  • Supply blocks, unpowered buildings, or Contaminate may cause inaccurate times.
  • Supply counts are checked every 10 seconds.